 Dungeon Crawl Stone Soup version 0.17-a0-2122-g03d97ec (webtiles) character file.

17428 kguciosek the Cleaver (level 12, -8/71 HPs)
             Began as a Gargoyle Berserker on Oct 21, 2015.
             Was the Champion of Trog.
             Killed by divine providence
             ... invoked by a smoke demon
             ... summoned by an orc high priest
              (13 damage)
             ... on level 4 of the Orcish Mines.
             The game lasted 01:12:12 (10822 turns).

kguciosek the Cleaver (Gargoyle Berserker)         Turns: 10822, Time: 01:12:13

Health: -8/71      AC: 47    Str: 33    XL:     12   Next: 47%
Magic:  12/12      EV:  9    Int: 11    God:    Trog [******]
Gold:   429        SH: 13    Dex:  9    Spells: 0 memorised, 11 levels left

rFire  . . .     SeeInvis .     J - +6 war axe (chop)
rCold  . . .     Clarity  .     u - +10 plate armour {ponderous}
rNeg   + . .     SustAt   .     o - +0 shield
rPois  ∞         Gourm    .     b - +2 helmet {Int+3}
rElec  +         Spirit   .     a - +2 cloak {+Inv}
rCorr  .         Warding  .     e - +0 pair of gloves {Str+3}
rMut   .         Stasis   .     (no boots)
MR     .....                    (no amulet)
Stlth  ..........               K - +4 ring of strength
                                i - +3 ring of protection

@: exhausted, slow, not resistant to hostile enchantments, extremely unstealthy
A: hooves 1, rugged brown scales 1, slimy green scales 1, frail 1, negative
energy resistance 1, electricity resistance, unbreathing, petrification
resistance, rot immunity, AC +8
a: Berserk, Trog's Hand, Brothers in Arms, Burn Spellbooks, Renounce Religion,
Evoke Invisibility


You were on level 4 of the Orcish Mines.
You worshipped Trog.
Trog was exalted by your worship.
You were not hungry.

You visited 2 branches of the dungeon, and saw 13 of its levels.

You collected 1119 gold pieces.
You spent 690 gold pieces at shops.

Inventory:

Hand Weapons
 J - a +6 war axe of chopping (weapon)
 Q - a +4 trident of venom
 W - a +2 antimagic broad axe
 Z - a cursed -2 battleaxe
Missiles
 N - 7 steel javelins (quivered)
Armour
 a - a +2 cloak of invisibility (worn)
 b - a +2 helmet of intelligence (worn)
 c - a +0 cloak
 e - a +0 pair of gloves of strength (worn)
 k - a +1 helmet
 o - a +0 shield (worn)
 u - a +10 plate armour of ponderousness (worn)
Jewellery
 i - a +3 ring of protection (left hand)
 t - a cursed ring of loudness
 H - a +2 ring of protection
 K - a +4 ring of strength (right hand)
 U - the ring "Norhami" {rC+ Int+5, unknown}
   (You took it off an orc priest on level 10 of the Dungeon)

   [ring of protection from cold]

   It affects your intelligence (+5).
   It protects you from cold.
Wands
 j - a wand of polymorph (24)
 l - a wand of slowing (26)
 y - a wand of fire (6)
 z - a wand of polymorph (12)
 C - a wand of fire (5)
 T - a wand of polymorph (13)
Scrolls
 d - a scroll of blinking
 n - 6 scrolls of teleportation
 s - a scroll of magic mapping
 w - a scroll of fog
 B - a scroll of fear
 F - 2 scrolls of recharging
 L - a scroll of remove curse
 P - a scroll of amnesia
Potions
 f - a potion of brilliance
 h - 4 potions of haste
 r - a potion of degeneration {unknown}
 v - a potion of heal wounds
 x - a potion of might
 G - a potion of cancellation
 I - a potion of curing
 O - a potion of agility
Books
 V - a book of Summonings

   Spells                             Type                      Level
   a - Recall                         Summoning/Translocation      3
   b - Aura of Abjuration             Summoning                    5
   c - Shadow Creatures               Summoning                    5
   d - Summon Demon                   Summoning                    5
   e - Summon Forest                  Summoning/Translocation      5
   f - Summon Mana Viper              Hexes/Summoning              5
   Trog disapproves of the use of such an item.
Comestibles
 q - 4 beef jerkies
 D - 2 slices of pizza
 E - 3 meat rations
 R - 3 bread rations
 X - 3 chunks of flesh


   Skills:
 * Level 9.8 Fighting
 * Level 10.6 Axes
 * Level 8.8 Armour
 * Level 6.7 Dodging
 - Level 1.2 Stealth
 * Level 10.4 Shields


You had 11 spell levels left.
You didn't know any spells.

Dungeon Overview and Level Annotations

Branches:
Dungeon (10/15)               Orc (4/4) D:10            Elf (0/3) Orc:3
 Temple: D:4-7         Lair: D:8-11

Altars:
Ashenzari
Cheibriados
Dithmenos
Fedhas
Kikubaaqudgha
Qazlal
Ru
Sif Muna
Vehumet
Xom
The Shining One
Beogh

Shops:
D:9 *   D:10 *   Orc:2 ![   Orc:4 :[

Annotations:
D:9 Maurice


Innate Abilities, Weirdness & Mutations

You are resistant to torment.
Your stone body is resilient (AC +8).
You are immune to poison.
You resist negative energy.
You are resistant to electric shocks.
You can survive without breathing.
You are immune to petrification.
You are immune to rotting.
You have large cloven feet.
You are partially covered in rugged brown scales (AC +1, +3% HP).
You are partially covered in slimy green scales (AC +2).
You are frail (-10% HP).


Message History

You feel yourself speed up. The smoke demon gestures at you.
Something smites you!
* * * LOW HITPOINT WARNING * * *
You block the orc warlord's attack.
The orc knight hits you from afar with a glaive.
* * * LOW HITPOINT WARNING * * *
The red devil hits you but does no damage.
The orc warrior closely misses you.
The smoke demon hits you but does no damage. x3
Things that are here:
a dagger; a robe; an orc corpse The orc warlord roars a battlecry!
The orc warrior goes into a battle-frenzy!
The red devil hits you from afar with a trident.
* * * LOW HITPOINT WARNING * * *
The orc knight hits you but does no damage.
The smoke demon gestures at you. Something smites you!
You die...

..#)# ..P............
..)########...............
..)[##.#.#.#............$.
.[.)[.....................
.[.[......................
...(.#.....<....o.o.......
................o4o[......
.............#...3o.......
............#...@ooO......
#...............)o.)......
.#.#.............†........
....#.........[##)).......
.....##........#......#.#$
.##...........##..........
##...........####....#....
............... .$...##...
##.###.#.............. #..


You could see an orc warlord, an orc knight (frenzied), an orc high priest
(frenzied), a smoke demon, a red devil, 3 orc warriors, an ogre and 2 orcs.

Vanquished Creatures
  Maud (Orc:2)
  Josephine (Orc:2)
  Erolcha (D:9)
  The ghost of brucemayne the Severer, a journeyman DsBe of Trog (Orc:3)
  Erica (D:10)
  3 orc high priests (Orc:4)
  3 orc knights
  An ugly thing (D:9)
  4 orc sorcerers (Orc:4)
  2 trolls (Orc:4)
  A merfolk (D:9)
  A two-headed ogre (D:9)
  Grinder (D:5)
  3 wraiths (Orc:2)
  A deep elf mage (D:9)
  2 hungry ghosts
  4 wargs
  Edmund (D:6)
  Duvessa (D:5)
  2 ice beasts
  19 orc warriors
  2 black bears
  3 phantoms
  A sky beast (D:5)
  3 ogres
  5 centaurs
  A giant frog (D:9)
  Blork the orc (D:6)
  A wyvern zombie (D:9)
  Dowan (D:5)
  12 killer bees (D:9)
  3 scorpions
  19 orc wizards
  5 hounds
  14 orc priests
  An iguana (D:4)
  4 worker ants
  A worker ant zombie (D:5)
  2 gnolls
  9 adders
  An adder skeleton (D:6)
  4 worms
  3 giant geckos
  136 orcs
  8 giant cockroaches
  11 hobgoblins
  11 jackals
  A ball python (D:1)
  7 bats
  4 giant newts
  13 goblins
  17 kobolds
  A quokka zombie (D:5)
  8 rats
  2 fungi (Orc:4)
  A plant (D:5)
370 creatures vanquished.

Vanquished Creatures (others)
  An orc wizard (D:9)
1 creature vanquished.

Grand Total: 371 creatures vanquished

Notes
Turn   | Place    | Note
--------------------------------------------------------------
     0 | D:1      | kguciosek the Gargoyle Berserker began the quest for the Orb.
     0 | D:1      | Reached XP level 1. HP: 14/14 MP: 1/1
   403 | D:1      | Reached XP level 2. HP: 9/19 MP: 2/2
   684 | D:1      | Found a shimmering altar of Xom.
   939 | D:1      | Reached XP level 3. HP: 24/24 MP: 3/3
   984 | D:1      | Reached skill level 4 in Fighting
  1102 | D:1      | Reached XP level 4. HP: 24/29 MP: 4/4
  1298 | D:1      | Reached ** piety under Trog
  1981 | D:2      | Found a faded altar to an unknown god.
  2817 | D:3      | Reached XP level 5. HP: 30/33 MP: 5/5
  2838 | D:3      | Reached *** piety under Trog
  2937 | D:3      | Found a snail-covered altar of Cheibriados.
  3145 | D:3      | Found a radiant altar of Vehumet.
  3146 | D:3      | Found an ancient bone altar of Kikubaaqudgha.
  3146 | D:3      | Found a blossoming altar of Fedhas.
  3150 | D:3      | Found a sacrificial altar of Ru.
  3150 | D:3      | Found a shimmering altar of Xom.
  3169 | D:3      | Found a glowing golden altar of the Shining One.
  3169 | D:3      | Found a shattered altar of Ashenzari.
  3170 | D:3      | Found a stormy altar of Qazlal.
  3414 | D:3      | Found a shadowy altar of Dithmenos.
  3832 | D:4      | Reached XP level 6. HP: 35/39 MP: 6/6
  4150 | D:4      | Gained mutation: You are partially covered in slimy green scales (AC +2). [potion of mutation]
  4150 | D:4      | Gained mutation: You have large cloven feet. [potion of mutation]
  4150 | D:4      | Gained mutation: You are partially covered in rugged brown scales (AC +1, +3% HP). [potion of mutation]
  4485 | D:5      | Entered Level 5 of the Dungeon
  4580 | D:5      | Noticed Duvessa
  4593 | D:5      | Noticed Dowan
  4594 | D:5      | Killed Duvessa
  4596 | D:5      | Killed Dowan
  4796 | D:5      | Noticed Grinder
  4805 | D:5      | Killed Grinder
  4805 | D:5      | Reached **** piety under Trog
  4805 | D:5      | Reached skill level 5 in Fighting
  4805 | D:5      | Reached skill level 1 in Stealth
  4805 | D:5      | Reached XP level 7. HP: 45/45 MP: 7/7
  5560 | D:6      | Reached skill level 1 in Shields
  5560 | D:6      | Reached XP level 8. HP: 28/50 MP: 8/8
  5685 | D:6      | Noticed Edmund
  5695 | D:6      | Killed Edmund
  5695 | D:6      | Reached skill level 5 in Axes
  5892 | D:6      | Noticed Blork the orc
  5907 | D:6      | Killed Blork the orc
  6265 | D:7      | Reached skill level 5 in Armour
  6287 | D:7      | You fall through a shaft for 2 floors!
  6294 | D:9      | Reached skill level 6 in Fighting
  6363 | D:9      | Reached XP level 9. HP: 51/56 MP: 9/9
  6374 | D:9      | Reached skill level 5 in Shields
  6440 | D:9      | Found a deep blue altar of Sif Muna.
  6519 | D:9      | Reached skill level 5 in Dodging
  6530 | D:9      | Reached ***** piety under Trog
  6587 | D:9      | Received a gift from Trog
  6665 | D:9      | Noticed Maurice
  6913 | D:9      | Found Cwop's Commerce Corner.
  7029 | D:9      | Noticed a merfolk
  7039 | D:9      | Killed a merfolk
  7285 | D:9      | Noticed a purple ugly thing
  7286 | D:9      | Noticed a two-headed ogre
  7301 | D:9      | Killed a purple ugly thing
  7301 | D:9      | Reached skill level 7 in Fighting
  7301 | D:9      | Reached XP level 10. HP: 64/64 MP: 10/10
  7305 | D:9      | Killed a two-headed ogre
  7324 | D:9      | Noticed Erolcha
  7340 | D:9      | Killed Erolcha
  7580 | D:10     | Entered Level 10 of the Dungeon
  7665 | D:10     | Noticed Erica
  7693 | D:10     | Killed Erica
  7693 | D:10     | Reached skill level 8 in Axes
  7698 | D:10     | Found Coosk's Assorted Antiques.
  7708 | D:10     | Bought a potion of mutation for 87 gold pieces
  7708 | D:10     | Gained mutation: You are frail (-10% HP). [potion of mutation]
  7892 | D:10     | Got a sparkling jade ring
  7903 | D:10     | Found a roughly hewn altar of Beogh.
  7903 | D:10     | Found a staircase to the Orcish Mines.
  8051 | Orc:1    | Entered Level 1 of the Orcish Mines
  8056 | Orc:1    | Received a gift from Trog
  8059 | Orc:1    | Reached XP level 11. HP: 63/63 MP: 11/11
  8174 | Orc:1    | Found a roughly hewn altar of Beogh.
  8198 | Orc:1    | You fall through a shaft!
  8198 | Orc:2    | Found Teetan's Antique Armour Emporium.
  8486 | Orc:2    | Received a gift from Trog
  8624 | Orc:2    | Noticed an orc knight
  8640 | Orc:2    | Killed an orc knight
  8640 | Orc:2    | Reached skill level 9 in Shields
  8886 | Orc:2    | Noticed Maud
  8918 | Orc:2    | HP: 3/64 [Maud/broad axe of chopping (2)]
  8930 | Orc:2    | Killed Maud
  9280 | Orc:2    | Found Lakieh's Distillery.
  9283 | Orc:2    | Bought a potion of heal wounds for 80 gold pieces
  9283 | Orc:2    | Bought a potion of might for 64 gold pieces
  9500 | Orc:2    | Noticed Josephine
  9512 | Orc:2    | Killed Josephine
  9780 | Orc:3    | Found a roughly hewn altar of Beogh.
  9786 | Orc:3    | Found a staircase to the Elven Halls.
  9996 | Orc:3    | Noticed brucemayne's ghost (journeyman DsBe)
 10011 | Orc:3    | Killed brucemayne's ghost
 10126 | Orc:4    | Entered Level 4 of the Orcish Mines
 10148 | Orc:4    | Noticed an orc knight
 10162 | Orc:4    | Killed an orc knight
 10290 | Orc:4    | Noticed an orc high priest
 10303 | Orc:4    | Killed an orc high priest
 10303 | Orc:4    | Reached skill level 10 in Axes
 10303 | Orc:4    | Reached XP level 12. HP: 63/70 MP: 12/12
 10305 | Orc:4    | Reached skill level 10 in Shields
 10308 | Orc:4    | Found Kaxotrilat's Book Shoppe.
 10471 | Orc:4    | Noticed an orc high priest
 10474 | Orc:4    | Noticed an orc knight
 10480 | Orc:4    | Killed an orc high priest
 10481 | Orc:4    | Found Tischie's Antique Armour Shoppe.
 10487 | Orc:4    | Killed an orc knight
 10600 | Orc:4    | Bought a pair of runed gloves for 153 gold pieces
 10600 | Orc:4    | Bought an embroidered cloak for 153 gold pieces
 10600 | Orc:4    | Bought a runed helmet for 153 gold pieces
 10790 | Orc:4    | Noticed an orc high priest
 10793 | Orc:4    | Received a gift from Trog
 10803 | Orc:4    | Killed an orc high priest
 10803 | Orc:4    | Reached ****** piety under Trog
 10811 | Orc:4    | Noticed an orc warlord
 10814 | Orc:4    | Noticed an orc knight
 10814 | Orc:4    | Noticed an orc high priest
 10822 | Orc:4    | Killed from afar by a smoke demon

Vault maps used:
D:1:      minmay_arrival_solitary_statue, minmay_misc_feat_chi, xom_teletrap_fun
D:2:      ecumenical_altar_2, first_bread
D:3:      nicolae_dithmenos_shadow_blocks, cheibriados_altar_wand_db,
          grunt_temple_overflow_open
D:4:      st_stairs_2
D:5:      corexii_shack_village, uniq_duvessa, uniq_grinder
D:6:      uniq_blork_the_orc, uniq_edmund
D:7:      gammafunk_temple_overflow_elements, temple_fountains, uniq_pikel
D:9:      kennysheep_mini, hangedman_fish_farm, nicolae_alphabet_shops,
          uniq_maurice, uniq_erolcha
D:10:     david_orc_5, serial_shops, kennysheep_little_box, shop_statue, shop,
          nicolae_shop_window_shopping, uniq_erica
Orc:1:    basic_altar
Orc:2:    nicolae_orc_accident_3, serial_shops, nicolae_shop_statue_plus,
          nicolae_shop_behind_doors, uniq_maud, uniq_josephine
Orc:3:    basic_altar, nicolae_orc_pool_cavern, uniq_sonja
Orc:4:    grunt_orc_gardens, grunt_orc_garden, grunt_orc_garden,
          grunt_orc_garden, grunt_orc_garden, serial_shops,
          nicolae_shop_statue_plus

Action                   |  1- 3 |  4- 6 |  7- 9 | 10-12 || total
-------------------------+-------+-------+-------+-------++-------
Melee: Hand axe          |    83 |   125 |       |       ||   208
       War axe           |       |   152 |   297 |   414 ||   863
       Unarmed           |       |     6 |       |       ||     6
Invok: Berserk           |       |     4 |     4 |    12 ||    20
       Trog's Hand       |       |       |       |     2 ||     2
  Use: Scroll            |       |    12 |     3 |     2 ||    17
       Potion            |       |     6 |     5 |     3 ||    14
  Eat: Chunk             |       |     8 |     3 |    27 ||    38
       Meat ration       |       |     1 |       |       ||     1
       Bread ration      |       |     1 |     2 |       ||     3
